 Dungeon Crawl Stone Soup version 0.29.1-15-g9cfb28693d (webtiles) character file.

Game seed: 4668585498352386885

394 person50605 the Chopper (level 6, -6/47 HPs)
             Began as a Demonspawn Gladiator on Mar 1, 2023.
             Was a Believer of Okawaru.
             Mangled by an ogre
             ... wielding a +0 giant club
              (25 damage)
             ... on level 4 of the Dungeon.
             The game lasted 00:35:49 (3078 turns).

person50605 the Chopper (Demonspawn Gladiator)      Turns: 3078, Time: 00:35:50

Health: -6/47      AC: 12    Str: 16    XL:     6   Next: 51%
Magic:  6/6        EV: 13    Int:  9    God:    Okawaru [**....]
Gold:   50         SH:  0    Dex: 15    Spells: 5/5 levels left

rFire   . . .      SeeInvis .   a - +0 war axe
rCold   . . .      Faith    .   (no shield)
rNeg    . . .      Spirit   .   i - +0 leather armour {rPois}
rPois   +          Reflect  .   u - +2 helmet
rElec   .          Harm     .   (no cloak)
rCorr   .          Rampage  .   (no gloves)
Will    .....                   (no boots)
Stlth   ++........              h - amulet of regeneration
HPRegen 0.95/turn               p - +4 ring of slaying
MPRegen 0.10/turn               x - +4 ring of protection

@: no status effects
A: thin metallic scales 1, powered by pain 2, demonic magic 1, weakness stinger
1
a: Renounce Religion, Heroism


You were on level 4 of the Dungeon.
You worshipped Okawaru.
Okawaru was pleased with you.
You visited 1 branch of the dungeon, and saw 4 of its levels.

You collected 190 gold pieces.
You spent 140 gold pieces at shops.

Inventory:

Hand Weapons
 a - a +0 war axe (weapon)
Missiles
 d - 2 throwing nets (quivered)
 e - 3 javelins
 f - 19 stones
 g - 9 poisoned darts
Armour
 b - a +0 leather armour
 c - a +0 helmet
 i - a +0 leather armour of poison resistance (worn)
 u - a +2 helmet (worn)
 v - a +0 robe
Magical Staves
 k - a staff of cold
Jewellery
 h - an amulet of regeneration (around neck)
 p - a +4 ring of slaying (left hand)
 x - a +4 ring of protection (right hand)
Scrolls
 l - a scroll of vulnerability
 m - 2 scrolls of teleportation
 o - a scroll of immolation
 t - a scroll of amnesia
 w - a scroll of blinking {unknown}
Potions
 j - 2 potions of haste {unknown}
 n - a potion of heal wounds {unknown}
 q - 2 potions of resistance {unknown}
 r - a potion of mutation {unknown}
 s - a potion of curing


   Skills:
 + Level 3.1 Fighting
 + Level 4.7 Axes
 + Level 2.0 Throwing
 + Level 2.1 Armour
 + Level 3.4 Dodging
 * Level 2.4 Stealth


You had 5 spell levels left.
You didn't know any spells.
Your spell library contained the following spells:

 Spells                   Type           Power      Damage    Failure   Level
 Shock                    Conj/Air       0%         1d3       45%         1
 Swiftness                Air            0%         N/A       83%         3
 Airstrike                Air            0%         2d(0-16)  99%         4
 Passage of Golubria      Tloc           0%         N/A       99%         4
 Yara's Violent Unravell  Hex/Tmut       0%         3d3       100%        5
 Tukima's Dance           Hex            Unusable   N/A       N/A         3

Dungeon Overview and Level Annotations

Branches:
Dungeon (4/15)
 Temple: D:4-7

Altars:
Ashenzari
Nemelex Xobeh
Okawaru

Shops:
D:3 *


Innate Abilities, Weirdness & Mutations

You are partially covered in thin metallic scales. (AC +2)
You sometimes gain power by taking damage.
Spells you cast may paralyse adjacent enemies.
You have a small tail.


Message History

The orc warrior is lightly wounded.
You hit something. Okawaru accepts your kill.
Reactivating autopickup.
You feel a bit more experienced.
The orc warrior hits you but does no damage.
Your Fighting skill increases to level 3!
You hit the orc warrior.
The orc warrior is moderately wounded.
You barely miss the orc. The orc barely misses you. The orc warrior misses you.
The orc warrior hits you with a +0 long sword.
The orc closely misses you.
You slash the orc warrior!
The orc warrior is severely wounded.
You hit the orc but do no damage. The orc hits you but does no damage.
The orc warrior hits you with a +0 long sword.
You barely miss the orc warrior.
The orc warrior is severely wounded.
You hit the orc.
You kill the orc!
Okawaru accepts your kill. The orc warrior barely misses you.
You slash the orc warrior!
The orc warrior is almost dead.
You hit the orc.
The orc warrior hits you with a +0 long sword.
The orc barely misses you.
The orc warrior hits you with a +0 long sword!
The orc hits you with a +0 flail.
You hit the orc warrior but do no damage.
The orc warrior is almost dead.
You slash the orc!
You kill the orc!
Okawaru accepts your kill.
The orc warrior hits you with a +0 long sword.
The orc attacks as you move away! The orc hits you but does no damage.
You closely miss the orc.
The ogre hits you with a +0 giant club!!
Ouch! That really hurt!
You die...

...#...## ..# ..#...8 #..# .
##..)..# (.8.$ .. ......#
#..(# # ..##
#######.#...##.... ..#...
........#.#†.##... #.####
.............#oo# #. #
##......#.##.#O##########.####
....... #.##.@o)............#.
....... #.###########.#.....#.
..... #)# #.........
..#..##.################..## .
#..............# #..##
#####...######.# #.## ###..#
#.# #†# ##.#####.# ##.#
#.....#.####..#


You could see an orc warrior, an ogre and 2 orcs.

Vanquished Creatures
  Sigmund (D:3)
  An orc priest (D:4)
  2 orc wizards
  7 adders
  2 worms (D:2)
  2 dart slugs
  7 orcs
  12 ball pythons
  10 bats
  5 endoplasms
  4 giant cockroaches
  8 goblins
  6 hobgoblins
  2 quokkas
  2 frilled lizards
  8 kobolds
  7 rats
86 creatures vanquished.

Vanquished Creatures (others)
  12 plants
12 creatures vanquished.

Grand Total: 98 creatures vanquished

Notes
Turn   | Place    | Note
-------+----------+-------------------------------------------
     0 | D:1      | person50605 the Demonspawn Gladiator began the quest for
                  | the Orb.
     0 | D:1      | Reached XP level 1. HP: 16/16 MP: 1/1
    98 | D:1      | Found a faded altar of an unknown god.
   112 | D:1      | Prayed at the altar of an unknown god.
   112 | D:1      | Became a worshipper of Warmaster Okawaru
   112 | D:1      | Reached * piety under Okawaru
   206 | D:1      | Gained mutation: You have a small tail. [demonic ancestry]
   206 | D:1      | Reached XP level 2. HP: 22/22 MP: 2/2
   281 | D:1      | Reached skill level 3 in Axes
   637 | D:1      | Gained mutation: You are partially covered in thin metallic
                  | scales. (AC +2) [demonic ancestry]
   637 | D:1      | Reached XP level 3. HP: 21/27 MP: 3/3
  1227 | D:2      | Gained mutation: You sometimes gain a little power by
                  | taking damage. [demonic ancestry]
  1227 | D:2      | Reached XP level 4. HP: 34/34 MP: 4/4
  1555 | D:2      | Reached skill level 1 in Stealth
  1686 | D:3      | Reached skill level 1 in Armour
  2134 | D:3      | Found a broken altar of Ashenzari.
  2287 | D:3      | Gained mutation: You sometimes gain power by taking damage.
                  | [demonic ancestry]
  2287 | D:3      | Reached XP level 5. HP: 39/39 MP: 5/5
  2482 | D:3      | Noticed Sigmund
  2492 | D:3      | Killed Sigmund
  2492 | D:3      | Reached ** piety under Okawaru
  2493 | D:3      | Reached skill level 4 in Axes
  2493 | D:3      | Gained mutation: Spells you cast may paralyse adjacent
                  | enemies. [demonic ancestry]
  2493 | D:3      | Reached XP level 6. HP: 46/46 MP: 6/6
  2505 | D:3      | Found Lyts's Assorted Antiques.
  2508 | D:3      | Bought a knobbly steel ring for 140 gold pieces
  2723 | D:3      | Found a sparkling altar of Nemelex Xobeh.
  3059 | D:4      | Noticed an orc warrior
  3078 | D:4      | Mangled by an ogre

Illustrated notes

Levels and vault maps discovered:
D:1:      dpeg_arrival_stone_temple_mockup, layout_loops_cross,
          shapermc_ecumenical_altar_hornbeckon, minmay_misc_feat_five
D:2:      minmay_evil_eye, layout_loops_cross, minmay_shallow_snake_nest
D:3:      layout_basic, nemelex_diamond_rough_becter,
          mainiacjoe_overflow_concentric_impassable, serial_shops,
          nicolae_shop_window_shopping, minmay_cut_off, uniq_sigmund
D:4:      layout_basic, guppyfry_early_orc_mine, uniq_blork_the_orc

Skill      XL: |  1  2  3  4  5  6 |
---------------+-------------------+-----
Axes           | 3 4 |  4.7
Dodging        | 3 |  3.4
Throwing       | 2 |  2.0
Stealth        | 1 2 |  2.4
Armour         | 1 2 |  2.1
Fighting       | 3 |  3.1

Action                   |  1- 3 |  4- 6 || total
-------------------------+-------+-------++-------
Melee: War axe           |   107 |    87 ||   194
       Tailslap          |     8 |    11 ||    19
       Punch             |       |     1 ||     1
Throw: Throwing net      |       |     1 ||     1
  Use: Scroll            |       |     5 ||     5
       Potion            |       |     1 ||     1
 Stab: Sleeping          |       |     1 ||     1
Armor: Leather armour    |    49 |    28 ||    77
Dodge: Dodged            |    81 |    56 ||   137
